[ AOE2 MATCH · #505224660 ]
UnrankedMapuche vs Aztecs
Player's team · WIN
Rival team · LOSS
[ REPLAY ANALYSIS · EXTRACTED FROM THE RECORDED GAME ]
Feudal
9:05
Castle
13:37
Imperial
19:27
| APM avg | 56.8 |
| APM peak | 110 |
| eAPM avg | 36.0 |
| Villagers / military | 141 / 72 |
Focus
⚔️ 28.5% · 🌾 71.5%
Bolas Rider ×52 · Petard ×9 · Trebuchet (Packed) ×6 · Unknown (2550) ×5 · Mangonel ×3 · Fishing Ship ×3
Feudal
9:30
Castle
13:16
Imperial
—
| APM avg | 57.6 |
| APM peak | 71 |
| eAPM avg | 40.9 |
| Villagers / military | 220 / 76 |
Focus
⚔️ 36.6% · 🌾 63.4%
Jaguar Warrior ×65 · Battering Ram ×9 · Monk ×2
Match map
Initial resources + every placement click. Lines = walls · curves = elevation contours. ◆ gold · ⬟ stone · ● berries · ✦ relic · ◌ wall gap
Your base· Open — opponent sealed themselves in
Clearlove's base· ✓ Closed at 13:16 · 58t walls · no gate
Smoothed initial terrain · ◌ = detected wall gap · hover for details
Inputs per minute
— Leonidas - - Clearlove
Build order — Leonidas
First 150 of 389 actions detected
| 0:00 | Create | Villager (Male) |
| 0:03 | Research | Loom |
| 0:05 | Create | Villager (Male) |
| 0:05 | Create | Villager (Male) |
| 0:06 | Build | House |
| 0:09 | Build | House |
| 0:14 | Create | Villager (Male) |
| 0:45 | Build | House |
| 0:59 | Create | Villager (Male) |
| 0:59 | Create | Villager (Male) |
| 1:12 | Build | Settlement |
| 1:16 | Create | Villager (Male) |
| 1:25 | Create | Villager (Male) |
| 1:25 | Create | Villager (Male) |
| 1:33 | Create | Villager (Male) |
| 1:54 | Create | Villager (Male) |
| 2:04 | Create | Villager (Male) |
| 2:11 | Create | Villager (Male) |
| 2:16 | Build | House |
| 2:21 | Create | Villager (Male) |
| 2:26 | Create | Villager (Male) |
| 2:36 | Create | Villager (Male) |
| 2:40 | Build | House |
| 2:44 | Create | Villager (Male) |
| 2:51 | Create | Villager (Male) |
| 2:55 | Create | Villager (Male) |
| 3:01 | Build | House |
| 3:12 | Create | Villager (Male) |
| 3:18 | Create | Villager (Male) |
| 3:25 | Create | Villager (Male) |
| 3:25 | Create | Villager (Male) |
| 3:30 | Create | Villager (Male) |
| 3:31 | Create | Villager (Male) |
| 3:35 | Build | House |
| 3:42 | Create | Villager (Male) |
| 3:50 | Create | Villager (Male) |
| 3:58 | Create | Villager (Male) |
| 4:03 | Create | Villager (Male) |
| 4:17 | Create | Villager (Male) |
| 4:21 | Build | House |
| 4:27 | Build | Dock |
| 4:31 | Create | Villager (Male) |
| 4:31 | Create | Villager (Male) |
| 4:39 | Create | Villager (Male) |
| 4:49 | Create | Villager (Male) |
| 5:05 | Build | House |
| 5:08 | Build | Settlement |
| 5:11 | Create | Villager (Male) |
| 5:23 | Create | Villager (Male) |
| 5:30 | Create | Villager (Male) |
| 5:34 | Create | Villager (Male) |
| 5:36 | Create | Villager (Male) |
| 5:44 | Build | House |
| 5:49 | Create | Villager (Male) |
| 6:00 | Create | Villager (Male) |
| 6:06 | Build | House |
| 6:14 | Create | Villager (Male) |
| 6:19 | Create | Villager (Male) |
| 6:20 | Create | Fishing Ship |
| 6:22 | Build | House |
| 6:34 | Build | Settlement |
| 6:41 | Build | House |
| 6:42 | Create | Villager (Male) |
| 6:45 | Research | Feudal Age |
| 6:48 | Create | Fishing Ship |
| 6:54 | Build | Palisade Wall |
| 6:58 | Create | Villager (Male) |
| 7:10 | Build | House |
| 7:13 | Create | Villager (Male) |
| 7:18 | Create | Villager (Male) |
| 7:34 | Build | Palisade Wall |
| 7:36 | Build | Palisade Wall |
| 7:37 | Create | Villager (Male) |
| 7:38 | Create | Fishing Ship |
| 7:45 | Build | Palisade Wall |
| 7:50 | Create | Villager (Male) |
| 8:00 | Build | Settlement |
| 8:04 | Create | Villager (Male) |
| 8:13 | Create | Villager (Male) |
| 8:17 | Build | Barracks |
| 8:23 | Create | Villager (Male) |
| 8:24 | Build | Farm |
| 8:25 | Build | Farm |
| 8:27 | Build | Farm |
| 8:29 | Create | Villager (Male) |
| 8:36 | Build | Farm |
| 8:37 | Build | Farm |
| 8:38 | Create | Villager (Male) |
| 8:53 | Create | Villager (Male) |
| 9:00 | Build | Settlement |
| 9:05 | Age | Feudal Age |
| 9:07 | Create | Unit 2550 |
| 9:08 | Research | Tech 1402 |
| 9:08 | Research | Tech 1402 |
| 9:09 | Create | Villager (Male) |
| 9:16 | Create | Villager (Male) |
| 9:19 | Research | Double-Bit Axe |
| 9:19 | Research | Double-Bit Axe |
| 9:21 | Create | Villager (Male) |
| 9:29 | Build | Blacksmith |
| 9:30 | Create | Villager (Male) |
| 9:33 | Create | Villager (Male) |
| 9:39 | Create | Villager (Male) |
| 10:11 | Create | Villager (Male) |
| 10:12 | Create | Villager (Male) |
| 10:16 | Build | Market |
| 10:22 | Create | Villager (Male) |
| 10:57 | Research | Castle Age |
| 10:58 | Create | Villager (Male) |
| 10:58 | Create | Villager (Male) |
| 11:11 | Create | Unit 2550 |
| 11:19 | Create | Villager (Male) |
| 11:25 | Build | Settlement |
| 11:25 | Build | Farm |
| 11:26 | Build | Farm |
| 11:26 | Build | Farm |
| 11:26 | Build | Farm |
| 11:26 | Build | Farm |
| 11:27 | Build | Farm |
| 11:27 | Build | Farm |
| 11:27 | Build | Farm |
| 11:30 | Research | Horse Collar |
| 11:30 | Research | Horse Collar |
| 11:32 | Create | Unit 2550 |
| 11:34 | Build | Barracks |
| 11:35 | Create | Villager (Male) |
| 11:39 | Build | Farm |
| 11:40 | Build | Farm |
| 11:41 | Build | Farm |
| 11:42 | Build | Farm |
| 11:42 | Build | Farm |
| 11:44 | Build | Farm |
| 11:45 | Build | Farm |
| 11:45 | Create | Villager (Male) |
| 11:46 | Create | Villager (Male) |
| 11:48 | Research | Scale Mail Armor |
| 11:52 | Build | Farm |
| 11:55 | Build | Farm |
| 11:55 | Create | Villager (Male) |
| 11:57 | Create | Villager (Male) |
| 11:59 | Create | Unit 2550 |
| 12:03 | Create | Villager (Male) |
| 12:10 | Build | Blacksmith |
| 12:14 | Research | Forging |
| 12:18 | Create | Villager (Male) |
| 12:31 | Create | Villager (Male) |
| 12:32 | Create | Unit 2550 |
| 12:34 | Build | Archery Range |
| 12:39 | Build | Settlement |
| 12:41 | Create | Villager (Male) |
Build order — Clearlove
First 150 of 475 actions detected
| 0:00 | Create | Villager (Male) |
| 0:00 | Create | Villager (Male) |
| 0:01 | Create | Villager (Male) |
| 0:04 | Research | Loom |
| 0:05 | Build | House |
| 0:06 | Build | House |
| 0:12 | Create | Villager (Male) |
| 0:16 | Build | House |
| 0:18 | Build | House |
| 0:31 | Create | Villager (Male) |
| 0:32 | Create | Villager (Male) |
| 0:34 | Create | Villager (Male) |
| 0:34 | Create | Villager (Male) |
| 0:39 | Build | Lumber Camp |
| 1:10 | Create | Villager (Male) |
| 1:11 | Create | Villager (Male) |
| 1:13 | Create | Villager (Male) |
| 1:13 | Create | Villager (Male) |
| 1:17 | Create | Villager (Male) |
| 1:17 | Create | Villager (Male) |
| 1:45 | Create | Villager (Male) |
| 1:45 | Create | Villager (Male) |
| 1:46 | Create | Villager (Male) |
| 1:46 | Create | Villager (Male) |
| 2:26 | Create | Villager (Male) |
| 2:46 | Create | Villager (Male) |
| 2:46 | Create | Villager (Male) |
| 2:47 | Create | Villager (Male) |
| 2:48 | Create | Villager (Male) |
| 2:48 | Create | Villager (Male) |
| 3:07 | Create | Villager (Male) |
| 3:07 | Create | Villager (Male) |
| 3:08 | Create | Villager (Male) |
| 3:08 | Create | Villager (Male) |
| 3:12 | Create | Villager (Male) |
| 3:12 | Create | Villager (Male) |
| 3:16 | Build | House |
| 3:26 | Build | House |
| 3:32 | Build | House |
| 3:35 | Create | Villager (Male) |
| 3:36 | Create | Villager (Male) |
| 3:36 | Create | Villager (Male) |
| 3:42 | Create | Villager (Male) |
| 3:54 | Build | Palisade Wall |
| 3:58 | Build | House |
| 4:03 | Create | Villager (Male) |
| 4:03 | Create | Villager (Male) |
| 4:07 | Create | Villager (Male) |
| 4:07 | Create | Villager (Male) |
| 4:07 | Create | Villager (Male) |
| 4:18 | Create | Villager (Male) |
| 4:18 | Create | Villager (Male) |
| 4:19 | Create | Villager (Male) |
| 4:20 | Create | Villager (Male) |
| 4:21 | Build | House |
| 4:26 | Create | Villager (Male) |
| 4:31 | Build | House |
| 4:33 | Create | Villager (Male) |
| 4:41 | Create | Villager (Male) |
| 4:43 | Create | Villager (Male) |
| 4:48 | Create | Villager (Male) |
| 4:48 | Create | Villager (Male) |
| 4:49 | Create | Villager (Male) |
| 4:55 | Create | Villager (Male) |
| 5:03 | Build | Mining Camp |
| 5:11 | Create | Villager (Male) |
| 5:12 | Create | Villager (Male) |
| 5:20 | Create | Villager (Male) |
| 5:31 | Create | Villager (Male) |
| 5:43 | Create | Villager (Male) |
| 5:47 | Build | House |
| 5:50 | Build | Palisade Wall |
| 5:51 | Build | Palisade Wall |
| 5:53 | Create | Villager (Male) |
| 5:53 | Create | Villager (Male) |
| 6:02 | Create | Villager (Male) |
| 6:02 | Create | Villager (Male) |
| 6:02 | Create | Villager (Male) |
| 6:03 | Create | Villager (Male) |
| 6:33 | Create | Villager (Male) |
| 6:37 | Create | Villager (Male) |
| 6:37 | Create | Villager (Male) |
| 6:44 | Build | Mill |
| 6:44 | Create | Villager (Male) |
| 6:45 | Create | Villager (Male) |
| 6:51 | Create | Villager (Male) |
| 6:51 | Create | Villager (Male) |
| 6:51 | Create | Villager (Male) |
| 6:52 | Create | Villager (Male) |
| 6:52 | Create | Villager (Male) |
| 6:55 | Create | Villager (Male) |
| 6:55 | Create | Villager (Male) |
| 7:01 | Create | Villager (Male) |
| 7:01 | Create | Villager (Male) |
| 7:02 | Create | Villager (Male) |
| 7:02 | Create | Villager (Male) |
| 7:03 | Create | Villager (Male) |
| 7:03 | Create | Villager (Male) |
| 7:08 | Build | Mining Camp |
| 7:20 | Research | Feudal Age |
| 7:22 | Create | Villager (Male) |
| 7:29 | Create | Villager (Male) |
| 7:34 | Create | Villager (Male) |
| 7:37 | Build | House |
| 7:38 | Build | House |
| 7:41 | Create | Villager (Male) |
| 7:44 | Build | Palisade Wall |
| 7:45 | Build | Palisade Wall |
| 7:48 | Create | Villager (Male) |
| 7:56 | Create | Villager (Male) |
| 8:08 | Create | Villager (Male) |
| 8:08 | Create | Villager (Male) |
| 8:16 | Create | Villager (Male) |
| 8:18 | Create | Villager (Male) |
| 8:31 | Create | Villager (Male) |
| 8:37 | Build | Palisade Wall |
| 8:45 | Build | Palisade Wall |
| 8:47 | Create | Villager (Male) |
| 8:48 | Create | Villager (Male) |
| 8:48 | Create | Villager (Male) |
| 8:59 | Build | Palisade Wall |
| 8:59 | Create | Villager (Male) |
| 9:08 | Build | Palisade Wall |
| 9:16 | Build | Palisade Wall |
| 9:29 | Build | Mining Camp |
| 9:30 | Age | Feudal Age |
| 9:35 | Build | Market |
| 9:39 | Build | Blacksmith |
| 9:47 | Create | Villager (Male) |
| 9:53 | Build | Stone Wall |
| 9:56 | Create | Villager (Male) |
| 10:01 | Create | Villager (Male) |
| 10:10 | Build | House |
| 10:11 | Build | House |
| 10:12 | Create | Villager (Male) |
| 10:19 | Build | Mining Camp |
| 10:29 | Build | Stone Wall |
| 10:32 | Build | House |
| 10:36 | Research | Castle Age |
| 10:37 | Research | Castle Age |
| 10:48 | Build | Stone Wall |
| 10:52 | Build | Stone Wall |
| 10:52 | Build | Stone Wall |
| 10:53 | Build | Stone Wall |
| 11:05 | Build | Stone Wall |
| 11:11 | Build | House |
| 11:12 | Build | Stone Wall |
| 11:14 | Create | Villager (Male) |
| 11:18 | Research | Gold Mining |
| 11:18 | Research | Gold Mining |
Match timeline
| 3:54 | Clearlove · wall_segment Palisade Wall x1 |
| 4:27 | Leonidas · first_building Dock |
| 5:50 | Clearlove · wall_segment Palisade Wall x3 |
| 5:51 | Clearlove · wall_segment Palisade Wall x3 |
| 6:54 | Leonidas · wall_segment Palisade Wall x5 |
| 7:34 | Leonidas · wall_segment Palisade Wall x9 |
| 7:36 | Leonidas · wall_segment Palisade Wall x9 |
| 7:44 | Clearlove · wall_segment Palisade Wall x1 |
| 7:45 | Leonidas · wall_segment Palisade Wall x4 |
| 7:45 | Clearlove · wall_segment Palisade Wall x1 |
| 8:17 | Leonidas · first_building Barracks |
| 8:37 | Clearlove · wall_segment Palisade Wall x6 |
| 8:45 | Clearlove · wall_segment Palisade Wall x7 |
| 8:59 | Clearlove · wall_segment Palisade Wall x9 |
| 9:05 | Leonidas · age_up feudal |
| 9:08 | Clearlove · wall_segment Palisade Wall x7 |
| 9:16 | Clearlove · wall_segment Palisade Wall x5 |
| 9:30 | Clearlove · age_up feudal |
| 9:53 | Clearlove · wall_segment Stone Wall x6 |
| 10:29 | Clearlove · wall_segment Stone Wall x1 |
| 10:48 | Clearlove · wall_segment Stone Wall x1 |
| 10:52 | Clearlove · wall_segment Stone Wall x1 |
| 10:52 | Clearlove · wall_segment Stone Wall x1 |
| 10:53 | Clearlove · wall_segment Stone Wall x1 |
| 11:05 | Clearlove · wall_segment Stone Wall x6 |
| 11:12 | Clearlove · wall_segment Stone Wall x1 |
| 11:28 | Clearlove · wall_segment Stone Wall x2 |
| 12:34 | Leonidas · first_building Archery Range |
| 13:01 | Clearlove · wall_segment Stone Wall x1 |
| 13:02 | Clearlove · wall_segment Stone Wall x1 |
| 13:16 | Clearlove · age_up castle |
| 13:18 | Leonidas · wall_segment Stone Wall x12 |
| 13:18 | Leonidas · wall_segment Stone Wall x3 |
| 13:26 | Clearlove · first_building Castle |
| 13:37 | Leonidas · age_up castle |
| 14:01 | Clearlove · wall_segment Stone Wall x10 |
| 14:33 | Clearlove · first_market_buy 100 food |
| 14:47 | Clearlove · wall_segment Stone Wall x1 |
| 14:54 | Clearlove · wall_segment Palisade Wall x1 |
| 14:55 | Clearlove · wall_segment Palisade Wall x1 |
| 15:17 | Leonidas · first_building Castle |
| 15:36 | Clearlove · first_building Monastery |
| 15:37 | Clearlove · wall_segment Palisade Wall x1 |
| 16:37 | Clearlove · wall_segment Palisade Wall x1 |
| 16:39 | Clearlove · wall_segment Palisade Wall x1 |
| 18:16 | Clearlove · first_building Siege Workshop |
| 18:56 | Leonidas · first_market_sell 100 wood |
| 19:27 | Leonidas · age_up imperial |
| 21:05 | Clearlove · wall_segment Stone Wall x4 |
| 21:29 | Leonidas · wall_segment Stone Wall x5 |
| 22:19 | Clearlove · wall_segment Stone Wall x8 |
| 25:07 | Clearlove · wall_segment Stone Wall x2 |
| 25:34 | Leonidas · first_market_buy 100 stone |
| 25:42 | Leonidas · first_building Siege Workshop |
| 28:25 | Clearlove · resign |
[ AI ANALYSIS · 1 CREDIT ]
What really happened in this match?
Wolo.gg analyzes every decision: build order, eco, micro, common mistakes by bracket. Personalized analysis on WhatsApp or Discord in 30 seconds.
Civ guide
Mapuche
Perfil
Jugador #1210686